 Dungeon Crawl Stone Soup version 0.30-a0-1018-g25214051b3 (webtiles) character file.

Game seed: 2639873222384622460

3735 holysushi the Severer (level 10, -4/115 HPs)
             Began as a Hill Orc Fighter on Apr 8, 2023.
             Was a Believer of Okawaru.
             Slain by a killer bee (6 damage)
             ... on level 9 of the Dungeon.
             The game lasted 00:09:29 (9068 turns).

holysushi the Severer (Hill Orc Fighter)            Turns: 9068, Time: 00:09:30

Health: -4/115     AC: 25    Str: 22    XL:     10   Next: 15%
Magic:  10/10      EV:  2    Int:  8    God:    Okawaru [**....]
Gold:   506        SH: 11    Dex: 12    Spells: 9/9 levels left

rFire   . . .      SeeInvis .    a - +1 war axe (elec)
rCold   . . .      Faith    .    B - +2 kite shield
rNeg    . . .      Spirit   .    c - melded +0 steam dragon scales
rPois   +          Reflect  .    n - melded +0 helmet
rElec   .          Rampage  .    i - melded +1 cloak {Stlth+}
rCorr   .          NoTele   +    k - melded +0 pair of gloves
Will    .....                    p - melded +0 pair of boots
Stlth   +                        (no amulet)
HPRegen 0.39/turn                (no ring)
MPRegen 0.12/turn                (no ring)

@: tree-form, invisible
A: stationary, stasis, torment immunity, boosted hp
a: Renounce Religion, Heroism


You were on level 9 of the Dungeon.
You worshipped Okawaru.
Okawaru was pleased with you.
You were a tree.
You visited 2 branches of the dungeon, and saw 10 of its levels.
You also visited: Ossuary.

You collected 638 gold pieces.
You spent 132 gold pieces at shops.

Inventory:

Hand Weapons
 a - a +1 war axe of electrocution (weapon)
 j - a +1 dagger of venom
Armour
 c - +0 steam dragon scales (melded)
 i - a +1 cloak of stealth (melded)
 k - a +0 pair of gloves (melded)
 n - a +0 helmet (melded)
 p - a +0 pair of boots (melded)
 s - a +2 ring mail of fire resistance
 B - a +2 kite shield (worn)
 F - a +2 cloak
Jewellery
 q - a ring of magical power
Wands
 t - a wand of flame (28)
Scrolls
 b - a scroll of blinking {unknown}
 e - 3 scrolls of magic mapping
 f - 2 scrolls of noise
 h - 3 scrolls of vulnerability
 l - 4 scrolls of teleportation
 o - a scroll of enchant weapon
 w - 2 scrolls of poison
 y - a scroll of enchant armour
 A - a scroll of immolation {unknown}
 C - a scroll of silence
 E - a scroll of amnesia
Potions
 d - 3 potions of might
 g - 2 potions of berserk rage
 m - 2 potions of invisibility
 r - 4 potions of lignification
 v - a potion of magic
 x - a potion of brilliance {unknown}
 z - a potion of heal wounds {unknown}
 D - a potion of degeneration {unknown}


   Skills:
 - Level 3.6 Fighting
 - Level 16.0 Axes
 - Level 3.2 Armour
 + Level 4.9 Dodging
 - Level 5.0 Shields


You had 9 spell levels left.
You didn't know any spells.
Your spell library contained the following spells:

 Spells                   Type           Power      Damage    Failure   Level
 Beastly Appendage        Tmut           0%         N/A       77%         1
 Poisonous Vapours        Pois/Air       0%         N/A       88%         2
 Wereblood                Tmut           0%         N/A       88%         2
 Mephitic Cloud           Conj/Pois/Air  0%         N/A       98%         3
 Spider Form              Tmut/Pois      0%         N/A       98%         3
 Vhi's Electric Charge    Tloc/Air       0%         N/A       98%         3
 Arcjolt                  Conj/Air       0%         1d10      100%        5
 Freezing Cloud           Conj/Ice/Air   0%         6-21      100%        5
 Maxwell's Capacitive Co  Air            0%         ∞         100%        8


Dungeon Overview and Level Annotations

Branches:
Dungeon (9/15) Zot: 26867  Temple (1/1) D:6 Zot: 5803     Orc (0/2) D:9
Ossuary (visited)
   Lair: D:8-11

Altars:
Ashenzari
Dithmenos
Elyvilon
Fedhas
Gozag
Kikubaaqudgha
Makhleb
Nemelex Xobeh
Okawaru
Qazlal
Ru
Sif Muna
Trog
Uskayaw
Vehumet
Wu Jian
Xom
Yredelemnul
Zin
The Shining One

Shops:
D:2 *

Annotations:
D:3 1 runed translucent door
D:5 3 runed translucent doors, hollowman's ghost, amateur TeVM
D:6 1 runed translucent door, jimonade's ghost, novice DrTm


Message History

The culicivora's many legs skitter faintly.
The harpy claws you.
* * * LOW HITPOINT WARNING * * *
The harpy claws you but does no damage.
You see here a killer bee corpse.
The killer bee buzzes angrily.
You hit the culicivora.
The culicivora is lightly wounded.
You closely miss the killer bee.
You feel sick. The culicivora bites you!
* * * LOW HITPOINT WARNING * * *
The culicivora draws strength from your injuries!
The harpy closely misses you. The harpy misses you.
You feel better. The culicivora barely misses you.
You block the harpy's attack. The harpy completely misses you.
The killer bee misses you. The culicivora bites you!
* * * LOW HITPOINT WARNING * * *
The culicivora draws strength from your injuries!
The harpy claws you but does no damage. The harpy barely misses you.
The killer bee buzzes angrily.
As you read the scroll of teleportation, it crumbles to dust.
You feel strangely unstable. You block the killer bee's attack.
You block the culicivora's attack. The killer bee closely misses you.
You block the harpy's attack. The harpy barely misses you.
It was a potion of lignification.
You turn into a tree.
Your +1 cloak of stealth melds into your body.
Your +0 helmet melds into your body.
Your +0 pair of gloves melds into your body.
Your +0 pair of boots melds into your body.
Your +0 steam dragon scales melds into your body.
You feel less stealthy.
Your roots penetrate the ground.
You feel strangely stable.
The harpy claws you but does no damage. x2
You block the killer bee's attack.
The culicivora bites you but does no damage.
You block the killer bee's attack. The culicivora bites you.
* * * LOW HITPOINT WARNING * * *
The culicivora draws strength from your injuries!
It was a potion of magic.
Magic courses through your body.
The culicivora changes into a death drake!
The killer bee barely misses you. The killer bee stings you.
You die...

..............#..............
..............+..............
..............#........##...
........##...##........#
........##...##........#
#.......##...>.........#
.......................#
.........####.H####....#
.........#......♣y#....#
.........#..####k.#....#
#..##....#.#....#.#....##
...##......#..#.#.......#
.......... #. ..#?......#
.......[. # ...#.#.....#
......... ####..#.....#
......... ....#....##
#####..>. ..####....#


You could see a death drake shaped shifter (unable to see you), a harpy shaped
shifter (unable to see you) and a killer bee (unable to see you).

Vanquished Creatures
  Maurice (D:8)
  A wyvern (D:7)
  Menkaure (D:7)
  A steam dragon (D:8)
  An orc warrior (D:8)
  An ice beast (D:5)
  4 ogres
  2 centaurs
  2 phantoms
  2 elf zombies (Ossuary)
  A scorpion (D:4)
  2 gnoll sergeants
  9 wights
  A killer bee (D:9)
  2 howler monkeys
  A centaur zombie (Ossuary)
  3 human zombies (Ossuary)
  2 hounds
  A jelly (D:5)
  9 orc priests
  A human skeleton (D:3)
  4 iguanas
  10 orc wizards
  2 sleepcaps
  Natasha (thrice) (D:2)
  5 mummies
  5 adders
  8 gnolls
  2 shadow imps (D:5)
  3 ufetubi
  4 adder zombies (Ossuary)
  2 worms
  A dart slug (D:1)
  19 orcs
  5 endoplasms
  4 giant cockroaches
  A gnoll zombie (Ossuary)
  3 hobgoblins
  5 jackals
  2 quokkas
  5 ball pythons
  5 bats
  3 frilled lizards
  10 goblins
  9 goblin zombies
  7 hobgoblin zombies
  4 jackal zombies (Ossuary)
  5 kobolds
  5 kobold zombies
  2 orc zombies (Ossuary)
  3 quokka zombies (Ossuary)
  5 rats
  A rat zombie (Ossuary)
200 creatures vanquished.

Vanquished Creatures (others)
  2 fungi (D:5)
  2 plants (D:5)
  2 withered plants (D:6)
6 creatures vanquished.

Grand Total: 206 creatures vanquished

Notes
Turn   | Place    | Note
-------+----------+-------------------------------------------
     0 | D:1      | holysushi the Hill Orc Fighter began the quest for the Orb.
     0 | D:1      | Reached XP level 1. HP: 19/19 MP: 1/1
    49 | D:1      | Reached skill level 3 in Axes
   159 | D:1      | Reached XP level 2. HP: 22/26 MP: 2/2
   252 | D:1      | Reached skill level 4 in Axes
   865 | D:2      | Reached XP level 3. HP: 29/31 MP: 3/3
   867 | D:2      | Noticed Natasha
   874 | D:2      | Killed Natasha
   875 | D:2      | Reached skill level 5 in Axes
   932 | D:2      | Noticed Natasha
   937 | D:2      | Killed Natasha
   938 | D:2      | Reached XP level 4. HP: 39/39 MP: 4/4
   956 | D:2      | Noticed Natasha
   957 | D:2      | Reached skill level 6 in Axes
   966 | D:2      | Killed Natasha
  1186 | D:2      | Found Qaeli's Assorted Antiques.
  1196 | D:2      | Reached XP level 5. HP: 45/45 MP: 5/5
  1233 | D:2      | Bought a bronze ring for 110 gold pieces
  1771 | D:3      | Found a shadowy altar of Dithmenos.
  1859 | D:3      | Found a shimmering blue altar of Sif Muna.
  1921 | D:3      | Identified the +1 dagger "Cuoneit" {heavy, rElec rC++ rCorr
                  | Stlth+}
  1955 | D:3      | Reached skill level 7 in Axes
  1959 | D:3      | Found a runed translucent door.
  1959 | D:3      | Noticed a human
  1961 | D:3      | Found a basalt altar of Yredelemnul.
  2514 | D:4      | Found a sand-covered staircase.
  2523 | Ossuary  | Entered an ossuary
  2632 | Ossuary  | Reached skill level 8 in Axes
  2632 | Ossuary  | Reached XP level 6. HP: 51/51 MP: 6/6
  2706 | Ossuary  | Reached skill level 9 in Axes
  2859 | Ossuary  | Reached XP level 7. HP: 48/57 MP: 7/7
  2873 | Ossuary  | Reached skill level 10 in Axes
  3204 | D:2      | Bought a scroll labelled OSYEXIPHOWK for 22 gold pieces
  3557 | D:4      | Reached skill level 11 in Axes
  3832 | D:5      | Entered Level 5 of the Dungeon
  4279 | D:5      | Found a runed translucent gate.
  4280 | D:5      | Found a runed translucent gate.
  4281 | D:5      | Found a runed translucent gate.
  4281 | D:5      | Noticed hollowman's ghost (amateur TeVM)
  4325 | D:5      | Reached XP level 8. HP: 21/64 MP: 8/8
  4580 | D:5      | Reached skill level 12 in Axes
  4831 | D:5      | Reached skill level 13 in Axes
  5637 | D:6      | Found a runed translucent door.
  5637 | D:6      | Noticed jimonade's ghost (novice DrTm)
  6014 | D:6      | Found a staircase to the Ecumenical Temple.
  6024 | Temple   | Entered the Ecumenical Temple
  6200 | Temple   | Became a worshipper of Warmaster Okawaru
  6240 | D:6      | Reached skill level 14 in Axes
  6565 | D:6      | Reached XP level 9. HP: 70/70 MP: 9/9
  6757 | D:6      | Reached skill level 1 in Dodging
  6848 | D:7      | Reached * piety under Okawaru
  7082 | D:7      | Reached skill level 15 in Axes
  7269 | D:7      | Found a shimmering altar of Xom.
  7554 | D:7      | Noticed Menkaure
  7555 | D:7      | Found a sparkling altar of Nemelex Xobeh.
  7568 | D:7      | Killed Menkaure
  8017 | D:8      | Found a bloodstained altar of Trog.
  8320 | D:8      | Reached ** piety under Okawaru
  8544 | D:8      | Reached XP level 10. HP: 77/77 MP: 10/10
  8704 | D:8      | Found a blossoming altar of Fedhas.
  8705 | D:8      | Found a glowing golden altar of the Shining One.
  8772 | D:8      | Noticed Maurice
  8805 | D:8      | Killed Maurice
  8806 | D:8      | Reached skill level 16 in Axes
  8806 | D:8      | Reached skill level 5 in Shields
  8933 | D:9      | Found a staircase to the Orcish Mines.
  9055 | D:9      | a jumping spider changed into a harpy
  9055 | D:9      | Noticed a harpy (shapeshifter)
  9065 | D:9      | HP: 1/77 [culicivora (shapeshifter) (15)]
  9068 | D:9      | a culicivora changed into a death drake
  9068 | D:9      | Noticed a death drake (shapeshifter)
  9068 | D:9      | Slain by a killer bee

Illustrated notes

Levels and vault maps discovered:
D:1:      amcnicky_arrival_underground_garden, layout_basic,
          minmay_small_reverse_x
D:2:      layout_basic, serial_shops, nicolae_shop_window_shopping,
          minmay_misc_feat_secret_circle, patterned_corridor, uniq_natasha
D:3:      layout_loops_corners, mainiacjoe_overflow_boulevard,
          dk_yredelemnul_ordeal, mainiacjoe_overflow_catwalk
D:4:      layout_basic, nicolae_ossuary_entry_giza, minmay_mini_ossuary
D:5:      layout_loops_ring, gammafunk_ghost_nasty_kobolds
D:6:      layout_layer_cave, temple_fountains, gammafunk_ghost_grave
D:7:      layout_loops_cross, nemelex_diamond_rough_becter,
          mainiacjoe_overflow_surrounded_room, corexii_leaking_fountain,
          uniq_menkaure
D:8:      layout_gridville, minitemple, mainiacjoe_overflow_small_starburst,
          nicolae_nh_ransacked_shop, uniq_maurice
D:9:      layout_gridville, orc_0_dummy, gammafunk_ghost_arena, minivault_20
Temple:   minmay_temple_bridge_abc

Skill      XL: |  1  2  3  4  5  6  7  8  9 10 |
---------------+-------------------------------+-----
Axes           | 3 4 5 6 8 9 11 14 15 16 | 16.0
Dodging        | 4 |  4.9
Shields        | 4 5 |  5.0
Fighting       | |  3.6
Armour         | |  3.2

Action                     |  1- 3 |  4- 6 |  7- 9 | 10-12 || total
---------------------------+-------+-------+-------+-------++-------
  Melee: War axe           |    64 |   202 |   284 |    40 ||   590
    Use: Scroll            |       |       |    16 |     1 ||    17
         Potion            |       |       |     1 |     6 ||     7
   Stab: Invisible         |       |       |       |     4 ||     4
 Armour: Scale mail        |    33 |    25 |       |       ||    58
         Ring mail         |       |    76 |    78 |       ||   154
         Steam dragon scal |       |       |     3 |    18 ||    21
         Skin              |       |       |       |     3 ||     3
  Dodge: Dodged            |    27 |    97 |    96 |    29 ||   249
  Block: Buckler           |    16 |    45 |    48 |       ||   109
         Kite shield       |       |       |    12 |    33 ||    45

Table legend: (Time is in decaauts)
 A = Elapsed time spent in this place.
 B = Non-inter-level travel time spent in this place.
 C = Inter-level travel time spent in this place.
 D = Time resting spent in this place.
 E = Time spent auto-exploring this place.
 F = Levels seen in this place.
 G = Mean time per level.
                   A        B        C        D        E       F      G
               +--------+--------+--------+--------+--------+-----+--------+
         Total |   9114 |   8646 |    468 |   1084 |   5688 |  11 |  828.5 |
       Dungeon |   8423 |   7973 |    450 |    969 |   5435 |   9 |  935.9 |
        Temple |    196 |    178 |     18 |      0 |    167 |   1 |  196.0 |
       Ossuary |    493 |    493 |      0 |    115 |     86 |   1 |  493.0 |
               +--------+--------+--------+--------+--------+-----+--------+

Top non-repeatable levels by time:
     D:6: 1233 daAuts
     D:5: 1189 daAuts
     D:4: 1123 daAuts
     D:7: 1117 daAuts
     D:8: 971 daAuts
     D:3: 943 daAuts
     D:2: 928 daAuts
     D:1: 784 daAuts
 Ossuary: 493 daAuts
  Temple: 196 daAuts
     D:9: 131 daAuts
